 Dungeon Crawl Stone Soup version 0.31-a0-214-gb37851dbb3 (webtiles) character file.

Game seed: 6024103501250426868

71 qw the Shooter (level 4, 0/37 HPs)
             Began as a Minotaur Hexslinger on July 1, 2023.
             Slain by a goblin
             ... wielding a +0 dagger
             ... led by Robin
              (5 damage)
             ... on level 2 of the Dungeon.
             The game lasted 00:00:20 (659 turns).

qw the Shooter (Minotaur Hexslinger)                 Turns: 659, Time: 00:00:21

Health: 0/37       AC:  5    Str: 12    XL:     4   Next: 5%
Magic:  4/4        EV: 12    Int: 10    God:
Gold:   57         SH:  0    Dex: 15    Spells: 4/5 levels left

rFire   . . .        Y - +1 sling
rCold   . . .        (no shield)
rNeg    . . .        c - +0 robe
rPois   .            (helmet restricted)
rElec   .            (no cloak)
rCorr   .            (no gloves)
SInv    .            d - +2 pair of boots
Will    .....        (no amulet)
Stlth   +            (no ring)
HPRegen 0.26/turn    (no ring)
MPRegen 0.09/turn

%: no passive effects
@: no status effects
A: horns 2, retaliatory headbutt
a: no special abilities


You were on level 2 of the Dungeon.
You visited 1 branch of the dungeon, and saw 2 of its levels.

You collected 57 gold pieces.


Innate Abilities, Weirdness & Mutations

You have a pair of horns on your head.
You reflexively headbutt those who attack you in melee.


   Skills:
 - Level 2.4 Fighting
 + Level 4.3 Ranged Weapons
 - Level 2.1 Dodging
 - Level 1.0 Spellcasting
 - Level 2.0 Hexes


You had 4 spell levels left.
You knew the following spells:

 Your Spells              Type           Power      Damage    Failure   Level
a - Slow                  Hex            16%        N/A       16%         1

Your spell library contained the following spells:

 Spells                   Type           Power      Damage    Failure   Level
 Inner Flame              Hex/Fire       2%         N/A       56%         3
 Portal Projectile        Hex/Tloc       4%         N/A       56%         3
 Cause Fear               Hex            2%         N/A       83%         4

Inventory:

Hand Weapons
 Y - a +1 sling (weapon)
Armour
 c - a +0 robe (worn)
 d - a +2 pair of boots (worn)
Scrolls
 b - a scroll of fog {unknown}
Potions
 a - 2 potions of magic {unknown}

Dungeon Overview and Level Annotations

Branches:
Dungeon (2/15)

Altars:
Ru


Message History

You shoot a sling bullet. The sling bullet hits the hobgoblin.
The hobgoblin is almost dead.
The goblin barely misses you. The hobgoblin hits you.
You shoot a sling bullet. The sling bullet hits the hobgoblin.
You kill the hobgoblin!
The jackal barely misses you. The goblin closely misses you.
The jackal bites you but does no damage.
You shoot a sling bullet. The sling bullet hits Robin.
Robin is lightly wounded.
Robin hits you but does no damage. The jackal barely misses you.
The goblin completely misses you. You furiously retaliate!
You headbutt the goblin.
You kill the goblin!
You shoot a sling bullet. The sling bullet barely misses Robin.
The goblin no longer looks unusually strong. x2
The jackal bites you but does no damage.
Robin barely misses you.
The jackal bites you but does no damage.
Robin closely misses you. You furiously retaliate!
You headbutt Robin! You shoot a sling bullet.
The sling bullet barely misses Robin.
The jackal bites you but does no damage.
Robin roars a battlecry!
The goblins go into a battle-frenzy!
The jackal closely misses you.
You shoot a sling bullet. The sling bullet hits Robin.
Robin is almost dead.
The jackal closely misses you. Robin closely misses you.
You shoot a sling bullet. The sling bullet hits Robin!
You kill Robin!
The jackal closely misses you. You furiously retaliate!
You headbutt the jackal.
You kill the jackal!
You have reached level 4!
You feel agile.
You shoot a sling bullet.
The sling bullet closely misses the goblin.
The goblin hits you but does no damage. x2
You shoot a sling bullet.
The sling bullet barely misses the goblin.
The goblin hits you but does no damage. The goblin barely misses you.
The goblin hits you with a +0 dagger.
You die...

# #.##### # .. ......
### .# #..... ..######.#
#.##.# .........##
#.##.#####.#
..........###.##........
...##..................#
.)........###.##)#####.#
.#.##.........##@#
..............##gg...).#
...###.#......##.......)
..................####.#
.#######.#######... .#
#b#.#P# #..## .# #P#.#.#
#... .# PP#.#... #... ##
###.###.#


You could see 2 goblins.

Vanquished Creatures
  Robin (D:2)
  A gnoll (D:1)
  A worm (D:2)
  4 ball pythons (D:1)
  2 bats (D:1)
  4 endoplasms
  4 giant cockroaches (D:1)
  11 goblins
  2 hobgoblins (D:2)
  2 jackals (D:2)
  A quokka (D:1)
  A frilled lizard (D:1)
  4 kobolds
  2 rats (D:1)
40 creatures vanquished.

Notes
Turn   | Place    | Note
-------+----------+-------------------------------------------
     0 | D:1      | qw the Minotaur Hexslinger began the quest for the Orb.
     0 | D:1      | Reached XP level 1. HP: 16/16 MP: 1/1
     0 | D:1      | 0 ||| qw: Version: 0.3-a-32-g5962c71
     0 | D:1      | 0 ||| qw: Game counter: 7394
     0 | D:1      | 0 ||| qw: Melee chars always use a shield: true
     0 | D:1      | 0 ||| qw: God list: Okawaru
     0 | D:1      | 0 ||| qw: Allow faded altars: false
     0 | D:1      | 0 ||| qw: Do Orc after clearing Dungeon:15 true
     0 | D:1      | 0 ||| qw: Do second Lair branch before Depths: true
     0 | D:1      | 0 ||| qw: Lair rune preference: random
     0 | D:1      | 0 ||| qw: Goals: Normal
     0 | D:1      | 0 ||| PLANNING D:1-11
   120 | D:1      | Reached skill level 3 in Ranged Weapons
   120 | D:1      | Reached XP level 2. HP: 23/23 MP: 2/2
   311 | D:1      | Reached XP level 3. HP: 30/30 MP: 3/3
   536 | D:1      | 536 ||| UPGRADING to +2 pair of boots.
   541 | D:1      | 541 ||| READING scroll labelled BOXOSU PUAFU.
   542 | D:1      | 542 ||| DROPPING scroll of poison.
   575 | D:2      | Found a sacrificial altar of Ru.
   636 | D:2      | Noticed Robin
   648 | D:2      | HP: 6/30 [goblin/+0 dagger[Robin] (5)]
   650 | D:2      | Reached skill level 4 in Ranged Weapons
   651 | D:2      | HP: 1/30 [hobgoblin[Robin] (6)]
   657 | D:2      | Killed Robin
   658 | D:2      | Reached XP level 4. HP: 4/37 MP: 4/4
   659 | D:2      | Slain by a goblin

Levels and vault maps discovered:
D:1:      lightli_arrival_windingriver, layout_basic, minmay_tree_intersection,
          nicolae_figureground_pulse
D:2:      layout_basic, serial_shops, nicolae_shop_behind_doors, basic_altar,
          serial_aquarium, aquarium_bridge_island_small
          [aquarium_subvault_small_open, aquarium_subvault_bridge,
          aquarium_subvault_bridge, aquarium_subvault_wall,
          aquarium_subvault_bridge], aquarium_window_fake,
          aquarium_window_corridor_1, aquarium_window_1, aquarium_window_2,
          aquarium_view_2e, aquarium_view_2c, uniq_robin

Skill      XL: |  1  2  3 |
---------------+----------+-----
Ranged Weapons | 3 4 |  4.3
Fighting       | 2 |  2.4
Dodging        | |  2.1
Spellcasting   | |  1.0
Hexes          | |  2.0

Action                     |  1- 3 |  4- 6 || total
---------------------------+-------+-------++-------
   Fire: Sling             |    90 |     2 ||    92
    Use: Scroll            |     1 |       ||     1
 Armour: Robe              |    17 |     3 ||    20
  Dodge: Dodged            |    50 |     1 ||    51

Table legend:
 A = Non-vault XP
 B = Vault XP
 C = Vault XP percentage of total XP
 D = Non-vault monster count
 E = Vault monster count
 F = Vault count percentage of total count
                 A         B        C        D         E       F
            +---------+---------+-------+---------+---------+-------
      Total |      68 |      34 |  33.3 |      30 |      10 |  25.0
            +---------+---------+-------+---------+---------+-------
        D:1 |      52 |       0 |   0.0 |      23 |       0 |   0.0
        D:2 |      16 |      34 |  68.0 |       7 |      10 |  58.8
            +---------+---------+-------+---------+---------+-------
